 Dungeon Crawl Stone Soup version 0.32-a0-834-geaf45d8e21 (webtiles) character file.

Game seed: 1407307252285698333

180922 Rudyous the Warrior (level 17, -1/139 (142) HPs)
             Began as a Demonspawn Alchemist on Mar 25, 2024.
             Was an Initiate of Gozag.
             Slain by a +2 war axe of flaming (11 damage)
             ... animated by Zenata
             ... on level 1 of the Vaults.
             The game lasted 01:46:49 (42038 turns).

Rudyous the Warrior (Demonspawn Alchemist)         Turns: 42038, Time: 01:46:49

HP:   -1/139 (142)  AC: 13    Str:  9    XL:     17   Next: 32%
MP:   36/53         EV: 13    Int: 36    God:    Gozag
Gold: 275           SH:  0    Dex: 17    Spells: 10/43 levels left

rFire   + . .        X - +9 triple crossbow of Dullness {speed, MP+9 Int+3 Dex+2}
rCold   + . .        (shield currently unavailable)
rNeg    . . .        F - +1 robe {rC+ rF+}
rPois   .            O - +3 hat of Pondering {ponderous, Will+ MP+10 Int+5}
rElec   .            t - +2 cloak {Will+}
rCorr   .            n - +0 pair of gloves
SInv    .            (boots unavailable)
Will    +++..        L - amulet of regeneration
Stlth   ++           p - ring of wizardry
HPRegen 1.23/turn    m - +6 ring of intelligence
MPRegen 0.66/turn

%: wizardry (x1)
@: about to teleport, lightly drained, slow
A: hooves 3, icemail 1, magic regeneration, sharp scales 3, condensation shield
}: 1/15 runes: barnacled
a: Renounce Religion, Potion Petition, Call Merchant, Bribe Branch


You were on level 1 of the Vaults.
You worshipped Gozag.
Gozag was aware of your devotion.
You visited 7 branches of the dungeon, and saw 29 of its levels.
You also visited: Sewer.

You collected 9129 gold pieces.
You spent 3587 gold pieces at shops.
You paid 5267 gold pieces to Gozag.

Inventory:

Hand Weapons
 h - a +3 short sword
 X - the +9 triple crossbow of Dullness (weapon) {speed, MP+9 Int+3 Dex+2}
   (You bought it in a shop on level 2 of the Orcish Mines)

   Int+3:     It affects your intelligence (+3).
   Dex+2:     It affects your dexterity (+2).
   MP+9:      It affects your magic capacity (+9).
Missiles
 d - 7 silver javelins
 S - 4 throwing nets
Armour
 n - a +0 pair of gloves (worn)
 t - a +2 cloak of willpower (worn)
 w - an orb of energy
 F - a +1 robe of resistance (worn)
 O - the +3 hat of Pondering (worn) {ponderous, Will+ MP+10 Int+5}
   (You took it off Gastronok on level 1 of the Lair of Beasts)

   Int+5:     It affects your intelligence (+5).
   Will+:     It increases your willpower.
   MP+10:     It affects your magic capacity (+10).
Magical Staves
 z - a staff of alchemy
Jewellery
 e - a ring of see invisible
 m - a +6 ring of intelligence (right hand)
 p - a ring of wizardry (left hand)
 x - an amulet of magic regeneration
 J - a ring of willpower
 L - an amulet of regeneration (around neck)
 Y - a ring of magical power
 Z - a ring of ice
Wands
 f - a wand of acid (8)
 s - a wand of flame (30)
 u - a wand of warping (52)
 C - a wand of charming (28)
 T - a wand of digging (4)
 V - a wand of polymorph (11)
Scrolls
 a - a scroll of torment {unknown}
 g - a scroll of revelation
 l - 2 scrolls of amnesia
 q - 2 scrolls of fear
 y - 4 scrolls of enchant armour
 A - 5 scrolls of immolation
 I - 2 scrolls of teleportation
 K - 3 scrolls of noise
 M - 4 scrolls of vulnerability
 Q - a scroll of summoning
 R - a scroll of fog {unknown}
 U - 2 scrolls of enchant weapon
 W - 2 scrolls of poison
Potions
 b - 5 potions of magic
 c - 4 potions of haste
 i - 4 potions of ambrosia
 j - a potion of enlightenment
 k - 4 potions of heal wounds
 o - 11 potions of curing
 r - 3 potions of brilliance {unknown}
 v - 4 potions of lignification
 B - 4 potions of attraction
 D - 4 potions of mutation
 E - 2 potions of berserk rage
 H - 4 potions of might
 N - a potion of resistance {unknown}
Miscellaneous
 P - a phantom mirror


   Skills:
 + Level 15.0 Fighting
 - Level 5.0 Dodging
 - Level 1.7 Stealth
 + Level 13.9 Spellcasting
 + Level 14.0 Conjurations
 * Level 12.9 Fire Magic
 + Level 6.6 Air Magic
 - Level 10.0 Earth Magic
 - Level 6.0 Alchemy


You had 10 spell levels left.
You knew the following spells:

 Your Spells              Type           Power      Damage    Failure   Level
a - Sting                 Conj/Alch      100%       1d9       1%          1
b - Olgreb's Toxic Radia  Alch           62%        N/A       1%          4
c - Sticky Flame          Fire/Alch      76%        2d12      1%          4
d - Bombard               Conj/Erth      42%        9d7       1%          6
e - Stone Arrow           Conj/Erth      100%       3d13      1%          3
f - Ignite Poison         Fire/Alch      76%        N/A       1%          4
g - Plasma Beam           Fire/Air       38%        2x1d52    1%          6
h - Arcjolt               Conj/Air       39%        1d49      1%          5

Your spell library contained the following spells:

 Spells                   Type           Power      Damage    Failure   Level
 Foxfire                  Conj/Fire      100%       2x1d9     0%          1
 Shock                    Conj/Air       100%       1d9       0%          1
 Sandblast                Erth           100%       2d20      1%          1
 Slow                     Hex            100%       N/A       1%          1
 Call Imp                 Summ           50%        N/A       1%          2
 Jinxbite                 Hex            50%        N/A       1%          2
 Mercury Vapours          Alch/Air       100%       N/A       1%          2
 Static Discharge         Conj/Air       100%       3-8/arc   1%          2
 Sublimation of Blood     Necr           25%        N/A       1%          2
 Confusing Touch          Hex            25%        N/A       1%          3
 Dazzling Flash           Conj/Hex       100%       N/A       1%          3
 Fugue of the Fallen      Necr           25%        N/A       1%          3
 Mephitic Cloud           Conj/Alch/Air  73%        N/A       1%          3
 Ozocubu's Armour         Ice            25%        N/A       1%          3
 Passwall                 Erth           77%        N/A       1%          3
 Sigil of Binding         Hex            25%        N/A       1%          3
 Volatile Blastmotes      Fire/Tloc      100%       2d18      1%          3
 Animate Armour           Summ/Erth      100%       N/A       1%          4
 Brom's Barrelling Bould  Conj/Erth      84%        2d10      1%          4
 Flame Wave               Conj/Fire      89%        2d19      1%          4
 Leda's Liquefaction      Alch/Erth      35%        N/A       1%          4
 Petrify                  Alch/Erth      70%        N/A       1%          4
 Vhi's Electric Charge    Tloc/Air       98%        N/A       1%          4
 Iskenderun's Battlesphe  Conj           90%        2d14      1%          5
 Starburst                Conj/Fire      44%        6d12      1%          6
 Anguish                  Hex/Necr       12%        N/A       6%          4
 Cause Fear               Hex            12%        N/A       6%          4
 Manifold Assault         Tloc           25%        N/A       6%          4
 Metabolic Englaciation   Hex/Ice        12%        N/A       17%         5
 Summon Mana Viper        Hex/Summ       25%        N/A       17%         5
 Spellforged Servitor     Conj/Summ      33%        N/A       28%         7
 Lehudib's Crystal Spear  Conj/Erth      42%        10d10     28%         8
 Fire Storm               Conj/Fire      44%        8d11      91%         9
 Enfeeble                 Hex            12%        N/A       99%         7
 Ozocubu's Refrigeration  Ice            12%        4d10      99%         7
 Summon Hydra             Summ           12%        N/A       99%         7
 Chain Lightning          Conj/Air       39%        3d52      100%        9
 Shatter                  Erth           38%        3d30*     100%        9


Dungeon Overview and Level Annotations

Branches:
Dungeon (15/15) Zot: 23704  Temple (1/1) D:6 Zot: 5935    Lair (5/5) D:11 Zot: 19403
 Shoals (4/4) Lair:3 Zot: 18331  Spider (1/4) Lair:3 Zot: 5998   Slime (0/5) Lair:4
    Orc (2/2) D:12 Zot: 7934     Elf (0/3) Orc:2        Vaults (1/5) D:14 Zot: 5560
 Depths (0/4) D:15          Sewer (visited)

Altars:
Ashenzari
Cheibriados
Dithmenos
Fedhas
Gozag
Hepliaklqana
Kikubaaqudgha
Makhleb
Nemelex Xobeh
Okawaru
Qazlal
Ru
Sif Muna
Trog
Uskayaw
Vehumet
Wu Jian
Xom
Yredelemnul
Beogh
Jiyva

Shops:
D:8 *   D:11 *   D:14 *   Orc:2 ?:[(:*   Lair:1 =[   Lair:3 [[

Annotations:
D:3 1 runed translucent door, Crazy Yiuf
D:7 3 runed translucent doors
Lair:5 exclusion: 3 doors
Shoals:1 1 runed translucent door, Rucifrug's ghost, journeyman FeSh
Shoals:2 Roxanne
Vaults:1 Zenata


Innate Abilities, Weirdness & Mutations

You have hooves in place of feet.
A meltable icy envelope protects you from harm. (AC +0)
You regenerate magic rapidly.
You are completely covered in razor-sharp scales. (AC +3, Slay +3)
A meltable shield of frost defends you. (SH +0)


Message History

The +1 short sword of electrocution attacks as it pursues you!
The +1 short sword of electrocution hits you but does no damage.
The +3 hand axe of flaming attacks as it pursues you!
The +3 hand axe of flaming barely misses you.
The +1 short sword of electrocution hits you!
The +3 hand axe of flaming hits you.
The +1 short sword of electrocution closely misses you.
The +2 war axe of flaming completely misses you.
The +3 hand axe of flaming hits you! The +3 hand axe of flaming burns you.
* * * LOW HITPOINT WARNING * * *
You take 16 damage, and have 41/139 hp.
Unknown command.
You feel much better.
The +1 short sword of electrocution hits you!
The +1 short sword of electrocution completely misses you.
The +3 hand axe of flaming hits you!
* * * LOW HITPOINT WARNING * * *
The +3 hand axe of flaming burns you.
* * * LOW HITPOINT WARNING * * *
The +2 war axe of flaming hits you but does no damage.
The +1 short sword of electrocution hits you but does no damage.
The +3 hand axe of flaming hits you but does no damage.
The +2 war axe of flaming hits you!
* * * LOW HITPOINT WARNING * * *
You take 13 damage, and have 28/139 hp.
As you read the scroll of teleportation, it crumbles to dust.
You feel strangely unstable.
The +1 short sword of electrocution completely misses you.
The +3 hand axe of flaming closely misses you.
The +1 short sword of electrocution hits you.
* * * LOW HITPOINT WARNING * * *
The +2 war axe of flaming barely misses you.
The +3 hand axe of flaming hits you!
* * * LOW HITPOINT WARNING * * *
The +3 hand axe of flaming burns you.
* * * LOW HITPOINT WARNING * * *
The +1 short sword of electrocution closely misses you.
The +2 war axe of flaming hits you!
You die...
Your body crumbles into a pile of gold.

#..##.##....# #..#...#....#
######..##.##....############
........##[####.......(.(.§..
........'.....#..........(...
......^##.....####'##########
.......#.......##............
......##...).(.##.###.###.###
......+....∩@((.'.#C#.#p#.#p#
......#......(..#.###.###.###
......###########............
..... #########+###


You could see a fire giant and 4 dancing weapons.

Vanquished Creatures
  Bai Suzhen (Shoals:4)
  2 sphinxes
  Polyphemus (Shoals:2)
  Gastronok (Lair:1)
  A kraken (Shoals:1)
  A frost giant (D:15)
  A vault warden (Vaults:1)
  3 orc warlords
  An ironbound thunderhulk (Vaults:1)
  A formless jellyfish (Vaults:1)
  2 elemental wellsprings (Shoals:1)
  Azrael (Orc:2)
  3 minotaurs (Shoals:4)
  Snorg (Lair:4)
  5 merfolk impalers
  3 merfolk javelineers
  A vault guard (Vaults:1)
  4 hydras
  Fannar (D:11)
  A merfolk avatar (Shoals:3)
  Erolcha (D:11)
  2 ironbound frosthearts (Vaults:1)
  9 two-headed ogres
  9 satyrs
  3 catoblepae
  2 ogre magi
  11 centaur warriors
  2 alligator snapping turtles (Shoals:4)
  2 boulder beetles
  14 death yaks
  A deep troll earth mage (D:15)
  2 orc high priests
  Urug (D:11)
  Sonja (Orc:2)
  Nergalle (Orc:2)
  Amaemon (D:8)
  9 sea snakes
  8 skeletal warriors (D:13)
  5 skysharks
  An ironbound convoker (Vaults:1)
  Pikel (D:4)
  2 deep elf pyromancers
  A lindwurm (Lair:5)
  8 orc knights
  31 harpies
  5 ugly things
  An obsidian bat (Orc:2)
  3 orc sorcerers
  13 manticores
  19 fauns
  5 cyclopes
  A kobold blastminer (Orc:1)
  8 merfolk sirens
  A guardian serpent (shapeshifter) (D:15)
  10 elephants
  2 vault sentinels (Vaults:1)
  4 water nymphs
  4 black mambas
  15 cane toads
  2 torpor snails
  2 gargoyles
  An orange demon (D:8)
  4 yaktaurs
  4 rime drakes
  Jeremiah (D:6)
  An efreet (D:13)
  21 merfolk
  8 komodo dragons
  5 wind drakes
  3 polar bears
  7 trolls
  8 dream sheep (Lair:5)
  A hornet (D:9)
  Prince Ribbit (D:8)
  12 blink frogs
  3 snapping turtles
  2 jumping spiders (Lair:3)
  Sigmund (D:3)
  12 slime creatures
  3 water elementals
  4 wyverns
  A shadow (D:11)
  3 basilisks
  2 wraiths
  A yak (shapeshifter) (D:14)
  29 yaks
  5 wargs
  8 vampire mosquitoes
  3 redbacks (Lair:3)
  Menkaure (D:4)
  An acid dragon (D:8)
  10 water moccasins
  8 hell hounds (Orc:2)
  2 sky beasts (D:6)
  46 orc warriors
  An ice beast (D:5)
  4 black bears
  2 laughing skulls (D:14)
  7 ogres
  7 wolves
  19 centaurs
  A phantom (D:5)
  Blork the orc (D:5)
  7 kobold brigands
  14 bullfrogs
  2 scorpions
  3 wights (D:8)
  9 killer bees
  3 howler monkeys
  3 electric eels
  A bombardier beetle (D:7)
  5 jellies
  25 orc priests
  7 hounds
  2 sleepcaps
  A gnoll bouda (D:9)
  2 iguanas (D:5)
  Ijyb (D:5)
  21 orc wizards
  6 gnolls
  A river rat (Sewer)
  6 adders
  A shadow imp (D:5)
  2 white imps
  An ufetubus (D:7)
  5 dart slugs
  8 ribbon worms
  88 orcs
  7 ball pythons
  9 endoplasms
  4 giant cockroaches
  13 goblins
  10 hobgoblins
  2 jackals (D:1)
  A quokka (D:2)
  6 bats
  4 frilled lizards
  22 kobolds
  8 rats
  A butterfly (Lair:5)
  4 tentacles (Shoals:1)
837 creatures vanquished.

Vanquished Creatures (others)
  A manticore (D:15)
  5 tentacles (Shoals:1)
6 creatures vanquished.

Grand Total: 843 creatures vanquished

Notes
Turn   | Place    | Note
-------+----------+-------------------------------------------
     0 | D:1      | Rudyous the Demonspawn Alchemist began the quest for the
                  | Orb.
     0 | D:1      | Reached XP level 1. HP: 13/13 MP: 3/3
   186 | D:1      | Gained mutation: You are partially covered in razor-sharp
                  | scales. (AC +1, Slay +1) [demonic ancestry]
   186 | D:1      | Reached XP level 2. HP: 12/20 MP: 0/5
   550 | D:1      | Reached skill level 1 in Fighting
   812 | D:1      | Reached skill level 1 in Fire Magic
   909 | D:1      | Gained mutation: You are mostly covered in razor-sharp
                  | scales. (AC +2, Slay +2) [demonic ancestry]
   909 | D:1      | Reached XP level 3. HP: 19/26 MP: 1/6
  1118 | D:1      | Found a faded altar of an unknown god.
  2380 | D:3      | Reached XP level 4. HP: 27/32 MP: 2/7
  2655 | D:3      | Noticed Sigmund
  2696 | D:3      | Killed Sigmund
  2697 | D:3      | Reached skill level 2 in Fighting
  2697 | D:3      | Reached XP level 5. HP: 21/39 MP: 0/9
  3637 | D:3      | Found a runed translucent door.
  3638 | D:3      | Noticed Crazy Yiuf
  3769 | D:4      | Reached XP level 6. HP: 46/46 MP: 4/10
  4081 | D:4      | Got the Grimoire of the Lost Cwm
  4232 | D:4      | Found a glowing drain.
  4243 | Sewer    | Entered a sewer
  4708 | Sewer    | Reached skill level 3 in Fighting
  4989 | Sewer    | Reached XP level 7. HP: 23/52 MP: 7/12
  5750 | D:4      | Noticed Menkaure
  5765 | D:4      | Killed Menkaure
  5863 | D:4      | Learned a level 4 spell: Olgreb's Toxic Radiance
  5868 | D:4      | Learned a level 4 spell: Sticky Flame
  5870 | D:5      | Entered Level 5 of the Dungeon
  5961 | D:5      | Noticed Blork the orc
  6424 | D:5      | Reached skill level 5 in Alchemy
  6499 | D:5      | Killed Blork the orc
  6500 | D:5      | Reached skill level 4 in Fighting
  6651 | D:5      | Noticed Pikel
  6657 | D:4      | Killed Pikel
  6658 | D:4      | Reached XP level 8. HP: 43/61 MP: 0/14
  7268 | D:5      | Noticed Ijyb
  7272 | D:5      | Killed Ijyb
  7273 | D:5      | Reached skill level 5 in Fire Magic
  7778 | D:6      | Reached skill level 5 in Fighting
  7914 | D:6      | Reached skill level 5 in Spellcasting
  7948 | D:6      | Gained mutation: You have large cloven feet. [demonic
                  | ancestry]
  7948 | D:6      | Reached XP level 9. HP: 47/68 MP: 3/16
  8084 | D:6      | Found a staircase to the Ecumenical Temple.
  8118 | Temple   | Entered the Ecumenical Temple
  8151 | Temple   | Became a worshipper of Gozag Ym Sagoz the Greedy
  8468 | D:6      | Noticed Jeremiah
  8674 | D:6      | Killed Jeremiah
  9589 | D:7      | Found a runed translucent gate.
  9589 | D:7      | Found a runed translucent gate.
  9589 | D:7      | Found a runed translucent gate.
  9589 | D:7      | Noticed a polar bear
  9589 | D:7      | Noticed a polar bear
  9590 | D:7      | Noticed a polar bear
 10482 | D:8      | Found a bloodstained altar of Trog.
 10594 | D:8      | Found Miatess's Assorted Antiques.
 10610 | D:8      | Reached skill level 5 in Dodging
 10974 | D:8      | Reached skill level 6 in Fighting
 11119 | D:8      | Noticed an orange demon
 11119 | D:8      | Noticed Amaemon
 11137 | D:8      | Killed an orange demon
 11274 | D:8      | Killed Amaemon
 11275 | D:8      | Reached XP level 10. HP: 76/77 MP: 1/19
 11501 | D:8      | Identified the +1 ring mail "Hefaono" {rC+ Dex+3}
 11956 | D:8      | Noticed Prince Ribbit
 12141 | D:8      | Killed Prince Ribbit
 12501 | D:8      | Bought a scroll of identify for 48 gold pieces
 12501 | D:8      | Bought a scroll of identify for 48 gold pieces
 13312 | D:9      | Reached skill level 7 in Fighting
 13746 | D:10     | Entered Level 10 of the Dungeon
 13847 | D:10     | Noticed a two-headed ogre
 13853 | D:10     | Killed a two-headed ogre
 14083 | D:10     | Reached skill level 5 in Conjurations
 14791 | D:10     | Noticed a two-headed ogre
 14797 | D:10     | Killed a two-headed ogre
 14798 | D:10     | Reached XP level 11. HP: 43/84 MP: 5/21
 15370 | D:11     | Noticed Urug
 15700 | D:11     | Noticed a red ugly thing
 15820 | D:11     | Killed a red ugly thing
 15914 | D:11     | Noticed Erolcha
 15924 | D:11     | Killed Erolcha
 16302 | D:11     | Killed Urug
 16393 | D:11     | Found a staircase to the Lair.
 16597 | D:11     | Reached skill level 8 in Fighting
 16597 | D:11     | Reached skill level 1 in Earth Magic
 17025 | D:11     | Noticed Fannar
 17035 | D:11     | Killed Fannar
 17254 | D:11     | Found Dirr's General Store.
 17284 | Lair:1   | Entered Level 1 of the Lair of Beasts
 17453 | Lair:1   | Bought a smoking robe for 148 gold pieces
 17453 | Lair:1   | Identified the +2 robe "Goetedwu" {Harm Str+3 Int+2} (You
                  | bought it in a shop on level 1 of the Lair of Beasts)
 17453 | Lair:1   | Bought a glowing robe for 96 gold pieces
 17464 | Lair:1   | Reached skill level 10 in Fire Magic
 18308 | Lair:1   | Noticed Gastronok
 18498 | Lair:1   | Killed Gastronok
 18499 | Lair:1   | Reached skill level 9 in Fighting
 18499 | Lair:1   | Gained mutation: A meltable shield of frost defends you.
                  | (SH +0) [demonic ancestry]
 18499 | Lair:1   | Reached XP level 12. HP: 77/95 MP: 3/24
 19468 | Lair:2   | Noticed a four-headed hydra
 19484 | Lair:2   | Killed a four-headed hydra
 20055 | Lair:2   | Reached skill level 5 in Earth Magic
 20555 | Lair:2   | Noticed a death yak
 20556 | Lair:2   | Noticed a death yak
 20557 | Lair:2   | Noticed a death yak
 20565 | Lair:2   | Noticed a death yak
 20570 | Lair:1   | Killed a death yak
 20571 | Lair:1   | Reached skill level 10 in Fighting
 20814 | Lair:2   | Learned a level 6 spell: Bombard
 21227 | Lair:2   | Killed a death yak
 21238 | Lair:2   | Killed a death yak
 21248 | Lair:2   | Killed a death yak
 21580 | Lair:3   | Gained mutation: You have hoof-like feet. [demonic
                  | ancestry]
 21580 | Lair:3   | Reached XP level 13. HP: 104/104 MP: 19/26
 21853 | Lair:3   | Learned a level 3 spell: Stone Arrow
 22557 | Lair:3   | Found a staircase to the Shoals.
 22874 | Lair:3   | Reached skill level 10 in Spellcasting
 23130 | Lair:3   | Found a hole to the Spider Nest.
 23769 | Lair:4   | Found a viscous altar of Jiyva.
 23769 | Lair:4   | Found a staircase to the Slime Pits.
 23890 | Lair:4   | Reached skill level 11 in Fighting
 24104 | Lair:4   | Noticed Snorg
 24112 | Lair:4   | Killed Snorg
 24753 | Lair:4   | Identified the +1 scale mail of Ravioli {*Slow +Inv Stlth+}
 24923 | Lair:5   | Entered Level 5 of the Lair of Beasts
 25039 | Lair:5   | Reached skill level 10 in Conjurations
 26100 | Lair:5   | Gained mutation: A meltable icy envelope protects you from
                  | harm. (AC +0) [demonic ancestry]
 26100 | Lair:5   | Reached XP level 14. HP: 96/114 MP: 4/28
 27796 | D:12     | Found a staircase to the Orcish Mines.
 28590 | Orc:1    | Entered Level 1 of the Orcish Mines
 28829 | Orc:1    | Reached skill level 12 in Fighting
 29692 | Orc:1    | Noticed an orc warlord
 29699 | Orc:1    | Killed an orc warlord
 29884 | Orc:1    | Noticed an orc warlord
 29898 | Orc:1    | Killed an orc warlord
 30126 | Orc:1    | Identified the +1 morningstar "Idadghe" {protect, rC+
                  | Str+2}
 30205 | Orc:1    | Identified the +0 robe "Gugagys" {rF- MP+9 Dex+3}
 30311 | Orc:2    | Entered Level 2 of the Orcish Mines
 30324 | Orc:2    | Found Wucsefo's Magic Scroll Emporium.
 30341 | Orc:2    | Bought a scroll of identify for 28 gold pieces
 30341 | Orc:2    | Bought a scroll of identify for 28 gold pieces
 30395 | Orc:2    | Found a staircase to the Elven Halls.
 30417 | Orc:2    | Bought the Directory of the Tropics for 392 gold pieces
 30422 | Orc:2    | Learned a level 4 spell: Ignite Poison
 30599 | Orc:2    | Noticed an orc warlord
 30602 | Orc:2    | Noticed Nergalle
 30606 | Orc:2    | Killed an orc warlord
 30608 | Orc:2    | Killed Nergalle
 30609 | Orc:2    | Noticed Sonja
 30757 | Orc:2    | Killed Sonja
 30836 | Orc:2    | Paralysed by an orc sorcerer for 2 turns
 31041 | Orc:2    | Found a roughly hewn altar of Beogh.
 31051 | Orc:2    | Found Qedoloma's Antique Armour Shoppe.
 31163 | Orc:2    | Found Amiapnew's Book Shoppe.
 31175 | Orc:2    | Found Ejewnul's Antique Weapon Shoppe.
 31186 | Orc:2    | Found Torer's General Store.
 31530 | Orc:2    | Noticed Azrael
 31605 | Orc:2    | Killed Azrael
 31887 | Orc:2    | Found a shimmering altar of Xom.
 32529 | Lair:1   | Bought a glowing helmet for 195 gold pieces
 32529 | Lair:1   | Bought a shiny helmet for 195 gold pieces
 32625 | Orc:2    | Bought a runed cloak for 180 gold pieces
 32625 | Orc:2    | Bought a runed robe for 88 gold pieces
 32647 | Orc:2    | Bought a glowing battleaxe for 285 gold pieces
 32647 | Orc:2    | Bought a runed broad axe for 210 gold pieces
 32649 | Orc:2    | Bought a jewelled triple crossbow for 450 gold pieces
 32649 | Orc:2    | Identified the +9 triple crossbow of Dullness {speed, MP+9
                  | Int+3 Dex+2} (You bought it in a shop on level 2 of the
                  | Orcish Mines)
 32921 | D:13     | You fall into a shaft and drop 2 floors!
 32921 | D:15     | Entered Level 15 of the Dungeon
 33491 | D:13     | Reached skill level 13 in Fighting
 33562 | D:13     | Gained mutation: You regenerate magic rapidly. [demonic
                  | ancestry]
 33562 | D:13     | Reached XP level 15. HP: 104/123 MP: 31/31
 34224 | D:14     | Found Cach's Demolitions Depot.
 34244 | D:14     | Bought a book of Annihilations for 780 gold pieces
 34244 | D:14     | Bought a book of Fire for 416 gold pieces
 34370 | D:14     | Found a gate to the Vaults.
 34439 | D:14     | Identified the +0 chain mail "Haoplish" {rElec Dex+5}
 34700 | D:15     | Reached skill level 1 in Air Magic
 34838 | D:15     | Reached skill level 10 in Earth Magic
 35190 | D:15     | Noticed a frost giant
 35201 | D:15     | Killed a frost giant
 35511 | D:15     | Found a staircase to the Depths.
 35790 | D:15     | Learned a level 6 spell: Plasma Beam
 35959 | Shoals:1 | Entered Level 1 of the Shoals
 36376 | Shoals:1 | Found a runed translucent door.
 36377 | Shoals:1 | Found a shimmering altar of Xom.
 36377 | Shoals:1 | Noticed Rucifrug's ghost (journeyman FeSh)
 36415 | Shoals:1 | You fall into a shaft and drop 1 floor!
 36415 | Shoals:2 | Noticed Roxanne
 37262 | Shoals:1 | Noticed a kraken
 37276 | Shoals:1 | Killed a kraken
 37496 | Shoals:2 | Reached skill level 14 in Fighting
 37496 | Shoals:2 | Gained mutation: You are completely covered in razor-sharp
                  | scales. (AC +3, Slay +3) [demonic ancestry]
 37496 | Shoals:2 | Reached XP level 16. HP: 133/133 MP: 32/32
 37830 | Shoals:2 | Noticed Polyphemus
 37835 | Shoals:2 | Killed Polyphemus
 37882 | Shoals:2 | Got the Annotations on the Atmosphere
 38400 | Shoals:2 | Learned a level 5 spell: Arcjolt
 38749 | Shoals:3 | Reached skill level 5 in Air Magic
 39567 | Shoals:4 | Entered Level 4 of the Shoals
 40387 | Shoals:4 | Noticed Bai Suzhen
 40406 | Shoals:4 | Killed Bai Suzhen
 40753 | Shoals:4 | Identified the +5 shortbow "Bafuunim" {flame, Str+5 Stlth+}
 40797 | Shoals:4 | Gained mutation: You have hooves in place of feet. [demonic
                  | ancestry]
 40797 | Shoals:4 | Reached XP level 17. HP: 140/140 MP: 34/34
 40951 | Shoals:4 | Got a barnacled rune of Zot
 41017 | Shoals:4 | Noticed a sphinx
 41021 | Shoals:4 | Killed a sphinx
 41113 | Shoals:4 | Got Joilemor's Atlas of the Alpine Fairies
 41372 | Spider:1 | Entered Level 1 of the Spider Nest
 41549 | Vaults:1 | Entered Level 1 of the Vaults
 41587 | Vaults:1 | Noticed a sphinx
 41591 | Vaults:1 | Killed a sphinx
 41815 | Vaults:1 | Reached skill level 15 in Fighting
 42016 | Vaults:1 | Noticed Zenata
 42038 | Vaults:1 | Slain by a +2 war axe of flaming

Illustrated notes

Levels and vault maps discovered:
D:1:      lightli_arrival_noodles, layout_basic,
          dilly_ecumenical_altar_fadedgnrine
D:2:      layout_basic, minmay_tromino_mix6
D:3:      layout_basic, uniq_crazy_yiuf_cottage, uniq_sigmund
D:4:      layout_basic, portal_sewer_entry_d, grunt_ministairs_4,
          kennysheep_generic_room_6, uniq_menkaure
D:5:      layout_loops_ring, amcnicky_mini_pool_small, uniq_ijyb,
          uniq_blork_the_orc, uniq_pikel
D:6:      nicolae_BIG_FREAKIN_CUBE, layout_gridville, uniq_jeremiah
D:7:      lemuel_bear_cage, layout_basic, kennysheep_small_square
D:8:      layout_cave_pods, minitemple, serial_shops, shop, grunt_decor_cap,
          serial_library_hellmonk_junction, uniq_prince_ribbit1, uniq_amaemon
D:9:      layout_roguey
D:10:     layout_stronghold, corexii_checkpoint
D:11:     layout_loops_ring, erik_lair_island, serial_shops,
          nicolae_shop_pleasant_corner_grove, uniq_urug, uniq_erolcha,
          uniq_fannar
D:12:     layout_basic, orc_0_dummy
D:13:     layout_stronghold, hangedman_fish_farm
D:14:     layout_cave_pools, hellmonk_vaults_attempted_burglary,
          minmay_misc_feat_diagonals, nicolae_blasting_shop
D:15:     hellmonk_depths_entry_around_the_bend, layout_rooms,
          lemuel_flamethrower_2
Temple:   mainiacjoe_temple_cubbyholes
Lair:1:   layout_gridlike, grunt_megastairs_5, infiniplex_staircase_pool,
          uniq_gastronok
Lair:2:   layout_loops_ring
Lair:3:   layout_small_grid, minmay_shoals_entry_centaurs, spider_nest_entry_a,
          chequers_serial_rivers_micro_c
Lair:4:   layout_long_grid, nicolae_slime_entry_slimehenge, serial_bayou_ford_a,
          uniq_snorg
Lair:5:   due_jungle_book, layout_misc_corridors, lemuel_fruit_fields
Shoals:1: layout_shoals, ebering_ghost_xom, nicolae_shoals_spring_well_temple
Shoals:2: layout_shoals, uniq_roxanne, uniq_polyphemus
Shoals:3: layout_shoals
Shoals:4: shoals_end_hellmonk_lost_city, uniq_bai_suzhen
Spider:1: layout_chambers, hangedman_spider_tarantella_strand, uniq_nikola,
          uniq_rupert
Orc:1:    layout_diamond_mine, minmay_orc_treasury
Orc:2:    grunt_orc_cross, layout_diamond_mine, basic_altar, serial_shops,
          nicolae_shop_waterfront, uniq_azrael, uniq_sonja
Vaults:1: nicolae_vaults_network_square,
          vaults_standard_mumra_enter_the_diamond, nicolae_vaults_double_plus_1,
          hangedman_vaults_stream, hangedman_vaults_impose, v_alt_pattern_1,
          nicolae_vaults_doubleplus_tesselated, hangedman_vaults_slice,
          nicolae_vaults_trapezoid_1, minmay_orc_keep, v_misc_15,
          nicolae_vaults_specimen_jars, layout_vaults_omnicross, serial_shops,
          nicolae_shop_waterfront, uniq_zenata, uniq_asterion

Skill      XL: |  1  2  3  4  5  6  7  8  9 10 11 12 13 14 15 16 17 |
---------------+----------------------------------------------------+-----
Fighting       | 1 2 3 4 5 6 7 9 10 11 13 14 15 | 15.0
Fire Magic     | 1 2 4 5 7 9 10 12 | 12.9
Spellcasting   | 3 4 5 6 7 8 9 10 12 13 | 13.9
Alchemy        | 4 5 6 |  6.0
Dodging        | 2 3 4 5 |  5.0
Conjurations   | 3 5 7 8 10 11 13 14 | 14.0
Earth Magic    | 3 5 7 9 10 | 10.0
Air Magic      | 4 6 |  6.6
Stealth        | |  1.7

Action                     |  1- 3 |  4- 6 |  7- 9 | 10-12 | 13-15 | 16-18 || total
---------------------------+-------+-------+-------+-------+-------+-------++-------
  Melee: Dagger            |    18 |       |       |       |       |       ||    18
         Short sword       |     5 |     3 |    19 |       |       |       ||    27
         Staff             |       |       |     2 |    34 |    23 |       ||    59
         Kick              |       |       |     1 |    13 |     9 |       ||    23
   Fire: Triple crossbow   |       |       |       |       |    17 |     4 ||    21
   Cast: Sting             |    90 |   138 |   104 |    13 |       |       ||   345
         Sticky Flame      |       |       |    32 |   148 |    13 |       ||   193
         Olgreb's Toxic Ra |       |       |    37 |   102 |   200 |    76 ||   415
         Bombard           |       |       |       |     6 |    87 |    11 ||   104
         Stone Arrow       |       |       |       |       |   280 |     1 ||   281
         Ignite Poison     |       |       |       |       |    81 |    49 ||   130
         Plasma Beam       |       |       |       |       |    31 |   154 ||   185
         Arcjolt           |       |       |       |       |       |     2 ||     2
 Invoke: Call Merchant     |       |       |       |     1 |     2 |     2 ||     5
  Evoke: Wand              |       |       |     8 |    11 |     1 |       ||    20
         Phantom mirror    |       |       |       |       |       |     1 ||     1
    Use: Potion            |       |     2 |       |       |     2 |     2 ||     6
         Scroll            |       |       |     7 |     8 |    14 |     6 ||    35
 Armour: Robe              |    43 |    43 |   109 |   166 |   272 |   142 ||   775
  Dodge: Dodged            |    43 |    24 |    66 |   172 |   189 |    71 ||   565
  Block: Other             |       |       |       |    13 |    40 |    17 ||    70

Table legend: (Time is in decaauts)
 A = Elapsed time spent in this place.
 B = Non-inter-level travel time spent in this place.
 C = Inter-level travel time spent in this place.
 D = Time resting spent in this place.
 E = Time spent auto-exploring this place.
 F = Levels seen in this place.
 G = Mean time per level.
                   A        B        C        D        E       F      G
               +--------+--------+--------+--------+--------+-----+--------+
         Total |  43565 |  41094 |   2471 |   6715 |  28344 |  30 | 1452.2 |
       Dungeon |  21729 |  20718 |   1011 |   2686 |  15237 |  15 | 1448.6 |
        Temple |     64 |      2 |     62 |      0 |      0 |   1 |   64.0 |
          Lair |  10596 |   9755 |    841 |   1764 |   6589 |   5 | 2119.2 |
        Shoals |   5668 |   5398 |    270 |   1405 |   3084 |   4 | 1417.0 |
   Spider Nest |      1 |      1 |      0 |      0 |      0 |   1 |    1.0 |
  Orcish Mines |   4065 |   3786 |    279 |    573 |   2615 |   2 | 2032.5 |
        Vaults |    438 |    432 |      6 |    126 |    173 |   1 |  438.0 |
         Sewer |   1000 |   1000 |      0 |    161 |    643 |   1 | 1000.0 |
               +--------+--------+--------+--------+--------+-----+--------+

Top non-repeatable levels by time:
  Lair:1: 2483 daAuts
  Lair:2: 2294 daAuts
  Lair:3: 2212 daAuts
  Lair:4: 2074 daAuts
   Orc:1: 2057 daAuts
   Orc:2: 2007 daAuts
    D:10: 1999 daAuts
    D:11: 1941 daAuts
     D:8: 1816 daAuts
Shoals:1: 1627 daAuts
     D:7: 1595 daAuts
    D:13: 1587 daAuts
    D:12: 1560 daAuts
  Lair:5: 1530 daAuts
Shoals:4: 1512 daAuts
